 Dungeon Crawl Stone Soup version 0.29-a0-271-gd4eb659eea (webtiles) character file.

Game seed: 17952088655761628957

976 kae the Chopper (level 7, -10/63 HPs)
             Began as a Minotaur Fighter on Mar 8, 2022.
             Was an Initiate of Makhleb.
             Mangled by an orc warrior
             ... wielding a +0 short sword
              (15 damage)
             ... on level 6 of the Dungeon.
             The game lasted 00:02:57 (5199 turns).

kae the Chopper (Minotaur Fighter)                  Turns: 5199, Time: 00:02:58

Health: -10/63     AC:  8    Str: 28    XL:     7   Next: 95%
Magic:  6/6        EV:  9    Int:  5    God:    Makhleb [......]
Gold:   255        SH:  5    Dex: 10    Spells: 6/6 levels left

rFire   . . .      SeeInvis .   a - +0 war axe
rCold   . . .      Faith    .   c - +0 buckler
rNeg    + . .      Spirit   .   b - +1 scale mail
rPois   .          Reflect  .   (helmet restricted)
rElec   .          Harm     .   (no cloak)
rCorr   .          Rampage  .   (no gloves)
Will    .....                   (no boots)
Stlth   ..........              (no amulet)
HPRegen 0.20/turn               n - +6 ring of strength
MPRegen 0.10/turn               o - ring of positive energy

@: no status effects
A: horns 2, retaliatory headbutt
a: Renounce Religion


You were on level 6 of the Dungeon.
You worshipped Makhleb.
Makhleb was noncommittal.
You visited 2 branches of the dungeon, and saw 7 of its levels.

You collected 255 gold pieces.

Inventory:

Hand Weapons
 a - a +0 war axe (weapon)
Armour
 b - a +1 scale mail (worn)
 c - a +0 buckler (worn)
Jewellery
 n - a +6 ring of strength (left hand)
 o - a ring of positive energy (right hand)
Scrolls
 g - 2 scrolls of enchant armour
 i - 4 scrolls of teleportation
 k - a scroll of holy word
Potions
 d - 2 potions of might
 e - 2 potions of haste {unknown}
 f - 3 potions of curing {unknown}
 h - a potion of lignification {unknown}
 j - a potion of heal wounds {unknown}
 l - a potion of flight {unknown}
 m - a potion of invisibility {unknown}


   Skills:
 + Level 6.0 Fighting
 * Level 7.2 Axes
 + Level 6.0 Armour
 + Level 6.0 Shields
 + Level 1.3 Invocations


You had 6 spell levels left.
You didn't know any spells.
Your spell library contained the following spells:

 Spells                   Type           Power      Damage    Failure   Level
 Slow                     Hex            0%         N/A       80%         1
 Confusing Touch          Hex            0%         N/A       99%         3
 Vampiric Draining        Necr           0%         2d6       99%         3


Dungeon Overview and Level Annotations

Branches:
Dungeon (6/15)             Temple (1/1) D:6

Altars:
Ashenzari
Elyvilon
Fedhas
Hepliaklqana
Makhleb
Nemelex Xobeh
Qazlal
Ru
Sif Muna
Trog
Uskayaw
Vehumet
Wu Jian
Xom
Yredelemnul
Zin
The Shining One


Innate Abilities, Weirdness & Mutations

You have a pair of horns on your head.
You reflexively headbutt those who attack you in melee.


Message History

The orc priest calls upon Beogh to heal the orc warrior.
The orc warrior is healed somewhat.
The orc warrior hits you with a +0 short sword.
You hit the orc warrior but do no damage.
The orc warrior is severely wounded.
You hit the orc priest. The orc priest barely misses you.
The orc warrior hits you with a +0 short sword.
The orc priest completely misses you. The orc warrior barely misses you.
You furiously retaliate!
You headbutt the orc warrior, but do no damage.
You hit the orc warrior.
The orc warrior is severely wounded.
You completely miss the orc priest.
The orc priest hits you but does no damage.
The orc warrior hits you with a +0 short sword.
You hit the orc warrior.
The orc warrior is almost dead.
You barely miss the orc priest. The orc priest barely misses you.
The orc warrior hits you with a +0 short sword.
You hit the orc warrior but do no damage.
Your headbutt misses the orc warrior.
The orc warrior is almost dead.
You hit the orc priest but do no damage.
The orc priest hits you with a +0 whip. You block the orc warrior's attack.
You completely miss the orc warrior.
The orc warrior is almost dead.
You barely miss the orc priest.
The orc priest calls upon Beogh to heal the orc warrior.
The orc warrior is healed somewhat.
The orc warrior hits you but does no damage.
You hit the orc warrior but do no damage.
The orc warrior is severely wounded.
You barely miss the orc priest.
The orc priest calls down the wrath of Beogh upon you.
Beogh smites you!
* * * LOW HITPOINT WARNING * * *
The orc warrior closely misses you. You furiously retaliate!
You headbutt the orc warrior. The orc priest closely misses you.
The orc warrior hits you with a +0 short sword!
You die...

.##.#..# #.#...#.#
#.##.##.# .......#
#.#...#.# #.# .# .#
....#.## #.#...#.# #..
.. # ....).# #.......#
### .##
####)########.#####
##.#.............#
##.###.####...###.# #.##
##..##....o..#
...###.#.......o@.# #
.##.#..####..#....######
.
.##..#.####..#.........#
##
.##.##............####.#
.##.##.####......##
.......# ###.####
###>#### #)....# #.#
#.....# #.. #.....#


You could see an orc warrior and an orc priest.

Vanquished Creatures
  A wraith (D:6)
  An acid dragon (D:6)
  A water moccasin (D:6)
  An ice beast (D:6)
  2 hounds
  6 orc priests
  4 iguanas (D:5)
  3 orc wizards
  5 adders
  A dart slug (D:1)
  16 orcs
  3 endoplasms
  3 giant cockroaches
  2 goblins
  9 hobgoblins
  2 jackals (D:4)
  5 kobolds
  4 quokkas
  3 ball pythons
  3 bats
  3 frilled lizards (D:1)
  4 rats
82 creatures vanquished.

Vanquished Creatures (others)
  A jackal (D:4)
1 creature vanquished.

Grand Total: 83 creatures vanquished

Notes
Turn   | Place    | Note
-------+----------+-------------------------------------------
     0 | D:1      | kae the Minotaur Fighter began the quest for the Orb.
     0 | D:1      | Reached XP level 1. HP: 19/19 MP: 0/0
   342 | D:1      | Reached XP level 2. HP: 27/27 MP: 1/1
   391 | D:1      | You fall into a shaft and drop 1 floor!
   456 | D:2      | Reached skill level 3 in Axes
   937 | D:2      | Reached XP level 3. HP: 32/33 MP: 2/2
  1461 | D:3      | Found a broken altar of Ashenzari.
  2479 | D:4      | Found an ornate altar of the Wu Jian Council.
  2537 | D:4      | Found a radiant altar of Vehumet.
  2579 | D:4      | Reached skill level 4 in Axes
  2579 | D:4      | Reached XP level 4. HP: 33/40 MP: 3/3
  2688 | D:4      | Found a basalt altar of Yredelemnul.
  2991 | D:5      | Entered Level 5 of the Dungeon
  3010 | D:5      | Reached XP level 5. HP: 42/47 MP: 4/4
  3396 | D:5      | Reached skill level 5 in Axes
  3402 | D:5      | Reached XP level 6. HP: 25/55 MP: 5/5
  3579 | D:5      | Found a sparkling altar of Nemelex Xobeh.
  3651 | D:5      | Reached skill level 5 in Fighting
  3654 | D:5      | Reached skill level 5 in Armour
  3654 | D:5      | Reached skill level 5 in Shields
  4431 | D:6      | Found a staircase to the Ecumenical Temple.
  4445 | Temple   | Entered the Ecumenical Temple
  4609 | Temple   | Became a worshipper of Makhleb the Destroyer
  4681 | D:6      | Noticed a water moccasin
  4687 | D:6      | Killed a water moccasin
  4688 | D:6      | Reached skill level 6 in Axes
  4688 | D:6      | Reached XP level 7. HP: 57/61 MP: 6/6
  4861 | D:6      | Noticed a wraith
  4875 | D:6      | Killed a wraith
  4876 | D:6      | Reached skill level 7 in Axes
  4876 | D:6      | Reached skill level 1 in Invocations
  5199 | D:6      | Mangled by an orc warrior

Illustrated notes

Levels and vault maps discovered:
D:1:      sevenhm_arrival_forest_fort_small_3, layout_basic, minmay_tetromino_o2
D:2:      layout_loops_ring
D:3:      layout_basic, evilmike_ruin_ashenzari
D:4:      layout_basic, fiery_altar_vehumet, overflow_temple_1_default,
          mainiacjoe_overflow_cross_hatched
D:5:      layout_loops_ring, mainiacjoe_overflow_small_starburst,
          minmay_crossroads
D:6:      layout_loops_cross, temple_statues, corexii_item_surrounded_by_moat
Temple:   nicolae_temple_hex_pool

Skill      XL: |  1  2  3  4  5  6  7 |
---------------+----------------------+-----
Axes           | 3 4 5 6 7 |  7.2
Fighting       | 4 5 6 |  6.0
Armour         | 4 5 6 |  6.0
Shields        | 4 5 6 |  6.0
Invocations    | 1 |  1.3

Action                   |  1- 3 |  4- 6 |  7- 9 || total
-------------------------+-------+-------+-------++-------
Melee: War axe           |    79 |    85 |    44 ||   208
       Headbutt          |     8 |    15 |     4 ||    27
  Use: Scroll            |     6 |     1 |       ||     7
Armor: Scale mail        |    35 |    48 |    16 ||    99
Dodge: Dodged            |    35 |    41 |    18 ||    94
Block: Buckler           |    20 |    26 |     7 ||    53

Table legend: (Time is in decaauts)
 A = Elapsed time spent in this place.
 B = Non-inter-level travel time spent in this place.
 C = Inter-level travel time spent in this place.
 D = Time resting spent in this place.
 E = Time spent auto-exploring this place.
 F = Levels seen in this place.
 G = Mean time per level.
                   A        B        C        D        E       F      G
               +--------+--------+--------+--------+--------+-----+--------+
         Total |   5267 |   5076 |    191 |    971 |   3496 |   7 |  752.4 |
       Dungeon |   5083 |   4929 |    154 |    971 |   3362 |   6 |  847.2 |
        Temple |    183 |    146 |     37 |      0 |    134 |   1 |  183.0 |
               +--------+--------+--------+--------+--------+-----+--------+

Top non-repeatable levels by time:
     D:5: 1195 daAuts
     D:4: 969 daAuts
     D:3: 878 daAuts
     D:1: 848 daAuts
     D:6: 622 daAuts
     D:2: 567 daAuts
  Temple: 183 daAuts
